 Dungeon Crawl Stone Soup version 0.30-a0-313-gae38170b09 (webtiles) character file.

Game seed: 4571188524165143305

412702 Lobster4 the Executioner (level 23, -2/233 HPs)
             Began as a Hill Orc Fighter on Oct 26, 2022.
             Was a High Priest of Uskayaw.
             Succumbed to an ushabti's dark miasma
             ... on level 3 of the Crypt.
             The game lasted 02:37:33 (49340 turns).

Lobster4 the Executioner (Hill Orc Fighter)        Turns: 49340, Time: 02:37:34

Health: -2/233     AC: 40    Str: 30      XL:     23   Next: 84%
Magic:  35/35      EV:  8    Int:  7 (8)  God:    Uskayaw [*****.]
Gold:   3883       SH: 22    Dex: 10      Spells: 22/22 levels left

rFire   + . .      SeeInvis +    b - +6 broad axe (holy)
rCold   + + .      Faith    .    M - +0 tower shield {reflect}
rNeg    + . .      Spirit   .    R - +2 crystal plate armour {rC+}
rPois   .          Reflect  +    (no helmet)
rElec   .          Harm     .    v - scarf {rC+ rF+}
rCorr   +          Rampage  .    I - +2 pair of gloves {hurl}
Will    +....      Clarity  +    y - +2 pair of boots
Stlth   ..........               u - amulet of regeneration
HPRegen 1.38/turn                X - ring "Geivuin" {rN+ rCorr}
MPRegen 0.24/turn                s - ring of the Octopus King {HP+2 AC+2 EV+2 SH+2 SInv}

@: lethally poisoned (-2 -> -32), slowed, very slow
A: clarity, deterioration 1
}: 1/15 runes: serpentine
a: Renounce Religion, Stomp, Line Pass, Grand Finale


You were on level 3 of the Crypt.
You worshipped Uskayaw.
Uskayaw was most pleased with you.
You visited 8 branches of the dungeon, and saw 38 of its levels.
You also visited: Gauntlet, Ice Cave and Wizlab.

You collected 4369 gold pieces.
You spent 486 gold pieces at shops.

Inventory:

Hand Weapons
 a - a +2 broad axe of venom
 b - a +6 broad axe of holy wrath (weapon)
 n - a +3 vorpal war axe
 p - a +2 war axe of flaming
Missiles
 w - 14 poisoned darts
 U - 9 javelins (quivered)
Armour
 f - a +0 kite shield of poison resistance
 h - the +0 scale mail of the Accordion {rElec rPois rC- Str+9}
   (You bought it in a shop on level 2 of the Orcish Mines)

   Str:       It affects your strength (+9).
   rC:        It makes you vulnerable to cold.
   rElec:     It insulates you from electricity.
   rPois:     It protects you from poison.
 v - a scarf of resistance (worn)
 y - a +2 pair of boots (worn)
 I - a +2 pair of gloves of hurling (worn)
 M - a +0 tower shield of reflection (worn)
 R - a +2 crystal plate armour of cold resistance (worn)
 Y - the +2 helmet of Complete Protection {rC- rN+ Str+3 Dex+3}
   (You found it in a Gauntlet)

   Str:       It affects your strength (+3).
   Dex:       It affects your dexterity (+3).
   rC:        It makes you vulnerable to cold.
   rN:        It protects you from negative energy.
Jewellery
 s - a ring of the Octopus King (right hand) {HP+2 AC+2 EV+2 SH+2 SInv}
   (You found it on level 5 of the Lair of Beasts)

   [ring of see invisible]

   AC:        It affects your AC (+2).
   EV:        It affects your evasion (+2).
   HP:        It affects your health (+2).
   SInv:      It lets you see invisible.
   SH:        It affects your SH (+2).
 u - an amulet of regeneration (around neck)
 x - the ring "Effuc" {rC+ EV+4 Dex+4}
   (You found it on level 3 of the Dungeon)

   [ring of evasion]

   EV:        It affects your evasion (+4).
   Dex:       It affects your dexterity (+4).
   rC:        It protects you from cold.
 D - a ring of fire
 G - a +6 ring of intelligence
 J - a ring of willpower
 V - a ring of magical power
 W - a ring of protection from fire
 X - the ring "Geivuin" (left hand) {rN+ rCorr}
   (You found it in a Gauntlet)

   [ring of resist corrosion]

   rN:        It protects you from negative energy.
   rCorr:     It protects you from acid and corrosion.
Wands
 i - a wand of quicksilver (16)
 j - a wand of mindburst (19)
 m - a wand of roots (20)
Scrolls
 d - 9 scrolls of enchant weapon
 o - 9 scrolls of teleportation
 C - a scroll of silence
 E - 5 scrolls of magic mapping
 N - 2 scrolls of brand weapon
 O - 11 scrolls of fear
 Q - 8 scrolls of poison
 S - 10 scrolls of butterflies
 T - 5 scrolls of immolation
Potions
 c - a potion of invisibility
 g - 13 potions of curing
 k - 2 potions of cancellation
 t - 7 potions of flight
 z - 8 potions of heal wounds
 B - 4 potions of berserk rage
 H - 3 potions of ambrosia
 K - 6 potions of lignification
 L - a potion of might
 P - 3 potions of resistance
 Z - 7 potions of haste
Miscellaneous
 e - a lightning rod (4/4)
 q - a tin of tremorstones (2/2)
 A - a phantom mirror
 F - a condenser vane


   Skills:
 + Level 24.3 Fighting
 + Level 26.0 Axes
 - Level 3.0 Throwing
 + Level 22.5 Armour
 + Level 19.4 Shields
 - Level 16.0 Invocations
 - Level 6.0 Evocations


You had 22 spell levels left.
You didn't know any spells.
Your spell library contained the following spells:

 Spells                   Type           Power      Damage    Failure   Level
 Beastly Appendage        Tmut           0%         N/A       100%        1
 Foxfire                  Conj/Fire      0%         2x1d4     100%        1
 Kiss of Death            Conj/Necr      0%         2d5       100%        1
 Necrotise                Necr           0%         1d4       100%        1
 Slow                     Hex            0%         N/A       100%        1
 Summon Small Mammal      Summ           0%         N/A       100%        1
 Blink                    Tloc           0%         N/A       100%        2
 Cigotuvi's Dreadful Rot  Necr/Pois/Air  0%         N/A       100%        2
 Ensorcelled Hibernation  Hex/Ice        0%         N/A       100%        2
 Momentum Strike          Conj/Tloc      0%         3d8       100%        2
 Static Discharge         Conj/Air       0%         2-2/arc   100%        2
 Sublimation of Blood     Necr           0%         N/A       100%        2
 Wereblood                Tmut           0%         N/A       100%        2
 Call Canine Familiar     Summ           0%         N/A       100%        3
 Confusing Touch          Hex            0%         N/A       100%        3
 Dazzling Flash           Conj/Hex       0%         N/A       100%        3
 Gell's Gravitas          Tloc           0%         N/A       100%        3
 Ignite Poison            Fire/Tmut/Pois 0%         N/A       100%        3
 Kindle Blastsparks       Fire/Tloc/Air  0%         2d10      100%        3
 Lesser Beckoning         Tloc           0%         N/A       100%        3
 Portal Projectile        Hex/Tloc       0%         N/A       100%        3
 Spider Form              Tmut/Pois      0%         N/A       100%        3
 Summon Guardian Golem    Hex/Summ       0%         N/A       100%        3
 Teleport Other           Tloc           0%         N/A       100%        3
 Vampiric Draining        Necr           0%         2d6       100%        3
 Vhi's Electric Charge    Tloc/Air       0%         N/A       100%        3
 Anguish                  Hex/Necr       0%         N/A       100%        4
 Dispel Undead            Necr           0%         3d6       100%        4
 Leda's Liquefaction      Hex/Erth       0%         N/A       100%        4
 Manifold Assault         Tloc           0%         N/A       100%        4
 Passage of Golubria      Tloc           0%         N/A       100%        4
 Petrify                  Tmut/Erth      0%         N/A       100%        4
 Sticky Flame             Conj/Fire      0%         2d3       100%        4
 Summon Lightning Spire   Summ/Air       0%         N/A       100%        4
 Agony                    Necr           0%         N/A       100%        5
 Arcjolt                  Conj/Air       0%         1d10      100%        5
 Freezing Cloud           Conj/Ice/Air   0%         6-21      100%        5
 Irradiate                Conj/Tmut      0%         3d11      100%        5
 Iskenderun's Battlesphe  Conj           0%         2d6       100%        5
 Lee's Rapid Deconstruct  Erth           0%         3d4*      100%        5
 Lightning Bolt           Conj/Air       0%         1d11      100%        5
 Metabolic Englaciation   Hex/Ice        0%         N/A       100%        5
 Silence                  Hex/Air        0%         N/A       100%        5
 Summon Forest            Summ/Tloc      0%         N/A       100%        5
 Summon Mana Viper        Hex/Summ       0%         N/A       100%        5
 Conjure Ball Lightning   Conj/Air       0%         3x3d6     100%        6
 Death Channel            Necr           0%         N/A       100%        6
 Eringya's Noxious Bog    Tmut/Pois      0%         N/A       100%        6
 Iron Shot                Conj/Erth      0%         9d1       100%        6
 Statue Form              Tmut/Erth      0%         N/A       100%        6
 Summon Cactus Giant      Summ           0%         N/A       100%        6
 Orb of Destruction       Conj           0%         9d5       100%        7
 Spellforged Servitor     Conj/Summ      0%         N/A       100%        7
 Storm Form               Tmut/Air       0%         N/A       100%        7
 Summon Hydra             Summ           0%         N/A       100%        7
 Borgnjor's Revivificati  Necr           0%         N/A       100%        8
 Discord                  Hex            0%         N/A       100%        8
 Disjunction              Tloc           0%         N/A       100%        8
 Ignition                 Fire           0%         3d3       100%        8
 Infestation              Necr           0%         N/A       100%        8
 Lehudib's Crystal Spear  Conj/Erth      0%         10d2      100%        8
 Maxwell's Capacitive Co  Air            0%         ∞         100%        8


Dungeon Overview and Level Annotations

Branches:
Dungeon (15/15)            Temple (1/1) D:7            Lair (5/5) D:8
  Swamp (0/4) Lair:3        Snake (4/4) Lair:2        Slime (0/5) Lair:4
    Orc (2/2) D:12            Elf (0/3) Orc:2        Vaults (4/5) D:13
  Crypt (3/3) Vaults:2     Depths (4/4) D:15            Zot (0/5) Depths:4
  IceCv (visited)          WizLab (visited)         Gauntlet (visited)
   Tomb: Crypt:3

Altars:
Ashenzari
Cheibriados
Dithmenos
Elyvilon
Fedhas
Gozag
Hepliaklqana
Kikubaaqudgha
Makhleb
Nemelex Xobeh
Okawaru
Qazlal
Ru
Sif Muna
Trog
Uskayaw
Vehumet
Wu Jian
Xom
Yredelemnul
Zin
The Shining One
Beogh

Shops:
D:13 *   Orc:1 *   Orc:2 [(([*   Snake:2 (!   Depths:3 (   Depths:4 :

Portals:
Hell: Depths:1 Depths:2 Depths:3 Depths:4
Abyss: Lair:1 Depths:3 Depths:4
Pandemonium: Depths:2 Depths:4
Ziggurat: Depths:1

Annotations:
Lair:1 2 transporters, Powertoast's ghost, novice MiHu
Lair:5 2 runed translucent doors, garrulousMonolith's ghost, journeyman DsBe
Snake:2 1 runed translucent door, HilariousDeathArtist's ghost, adept DrWn


Innate Abilities, Weirdness & Mutations

You possess an exceptional clarity of mind.
Your body sometimes deteriorates upon taking damage.


Message History

You slash the ushabti!
You feel extremely nervous for a moment...
Your body is wracked with pain!
You are engulfed in dark miasma.
You are more poisoned.
You feel extremely sick.
An ushabti comes into view.
The ancient champion casts a spell at you.
Your +0 tower shield of reflection reflects the iron shot!
The iron shot hits the ancient champion but does no damage.
You block the ancient champion's attack.
You can now merge with and destroy a victim.
You are too injured to fight recklessly!
You are too injured to fight recklessly!
As you read the scroll of summoning, it crumbles to dust.
Wisps of shadow whirl around you...
You are engulfed in dark miasma.
You are more poisoned.
You feel as though you will be slow longer.
You feel extremely sick. You block the ushabti's attack.
The ushabti shakes and rattles deafeningly!
The ancient champion casts a spell at you.
The iron shot hits you!!
* * * LOW HITPOINT WARNING * * *
Your body deteriorates!
You feel dopey.
The ancient champion hits you with a +1 great sword of freezing!
* * * LOW HITPOINT WARNING * * *
The ancient champion freezes you.
* * * LOW HITPOINT WARNING * * *
The mummy priest hits your vampire mage!!
The ushabti shakes and rattles.
The vile air hits you but does no damage.
The vile air hits the ancient champion but does no damage.
The vile air hits your revenant. The vile air hits your anaconda zombie.
The vile air hits your centaur warrior skeleton.
You hear a shout!
Blink to where?
Press: ? - help, Dir - move target
Found 14 gold pieces.
As you read the scroll of blinking, it crumbles to dust.
You die...

##### ..##
..○. ..8
#pz# #zz# .
#.°# .$
#V9#...
#####zM9z..
#....V..V..
#.⌠..z.....
#.z@/..z...
############


You could see an ancient champion, a mummy priest (ally target), 2 ushabtiu, a
friendly revenant (summoned), a friendly ancient champion (summoned), 4 friendly
skeletal warriors, 2 friendly jiangshi and a friendly vampire mage (summoned).

Vanquished Creatures
  Mara (Depths:2)
  Sojobo (Crypt:1)
  Frederick (Crypt:1)
  Saint Roka (Crypt:1)
  6 caustic shrikes
  A golden dragon (Depths:2)
  4 liches
  Mlioglotl (Snake:1)
  A tentacled monstrosity (Depths:4)
  Jorgrun (Snake:1)
  Asterion (Depths:1)
  A titan (Depths:2)
  3 deep elf master archers (WizLab)
  4 ancient champions
  3 thorn hunters (WizLab)
  Gastronok (Lair:1)
  3 sphinxes
  2 tengu reavers (Crypt:1)
  5 shadow dragons
  A storm dragon (Depths:4)
  A draconian monk (Depths:4)
  3 fenstrider witches (WizLab)
  10 fire giants
  6 frost giants
  5 ghouls
  An iron dragon (Depths:3)
  A draconian scorcher (Depths:4)
  15 vault wardens
  4 curse skulls
  20 ironbound preservers
  4 reapers
  11 very ugly things
  7 ironbound thunderhulks
  2 orc warlords (Orc:2)
  2 spriggan defenders
  8 vampire knights
  A yellow draconian (Depths:4)
  3 green draconians (Depths:4)
  12 stone giants
  2 eleionomae (WizLab)
  2 white draconians (Depths:4)
  10 spark wasps
  A dire elephant (Vaults:1)
  6 eidola
  Josephine (Lair:5)
  6 fire dragons
  3 entropy weavers
  6 ettins
  2 deep elf death magi
  9 jiangshi
  8 yaktaur captains
  Snorg (D:11)
  7 great orbs of eyes
  10 ice dragons
  4 rakshasas
  A spriggan zombie (Crypt:1)
  8 vault guards
  2 hydras
  A shambling mangrove (WizLab)
  5 salamander tyrants
  11 ironbound frosthearts
  4 spriggan air magi
  A merfolk avatar (Lair:5)
  5 boulder beetles
  17 anacondas
  A fenstrider witch skeleton (Crypt:1)
  12 centaur warriors
  A death knight (D:15)
  7 two-headed ogres
  5 tengu warriors
  4 satyrs (WizLab)
  4 deep troll shamans
  12 vampire magi
  3 deep troll earth magi
  14 spriggan berserkers
  10 naga warriors
  10 shock serpents
  12 naga sharpshooters
  6 spriggans
  2 titan zombies
  An orc high priest (Orc:2)
  3 soul eaters
  A fire crab (shapeshifter) (D:14)
  A hell knight (Depths:4)
  5 iron trolls
  3 shadow wraiths
  18 skeletal warriors
  10 salamander mystics
  Lodul (D:14)
  12 naga ritualists
  4 flayed ghosts
  3 glowing orange brains
  An orc knight (Orc:2)
  10 wizards
  3 deep elf archers (WizLab)
  14 ironbound convokers
  7 necromancers
  3 harpies
  69 deep trolls
  26 lindwurms
  4 phantasmal warriors
  A bog body (Lair:3)
  5 deep elf pyromancers
  2 oklob plants
  5 cyclopes
  A wolf spider (shapeshifter) (D:12)
  4 fauns (WizLab)
  A wolf spider (Gauntlet)
  29 ugly things
  20 mana vipers
  An eleionoma zombie (Crypt:1)
  29 salamanders
  2 manticores
  2 orc sorcerers (Orc:2)
  A rust devil (Depths:4)
  15 vault sentinels
  An elf zombie (Vaults:3)
  48 black mambas
  A centaur zombie (Crypt:1)
  5 guardian serpents (Snake:4)
  12 naga magi
  2 smoke demons
  2 human skeletons (Vaults:4)
  A torpor snail (shapeshifter) (D:13)
  2 ice statues (IceCv)
  21 elephants
  3 gargoyles
  A torpor snail (Gauntlet)
  11 cane toads
  A minotaur zombie (Crypt:3)
  A death yak zombie (Crypt:1)
  11 rime drakes
  A grey draconian zombie (Crypt:1)
  42 yaktaurs
  An unseen horror (shapeshifter) (D:14)
  2 efreet
  An unseen horror zombie (Crypt:1)
  4 unseen horrors
  6 freezing wraiths
  6 komodo dragons
  A kobold demonologist (D:12)
  A guardian mummy (Crypt:3)
  A tengu conjurer (Depths:2)
  A redback zombie (Crypt:1)
  2 anaconda simulacra (IceCv)
  A sea snake skeleton (Crypt:1)
  8 ice devils
  A black draconian skeleton (Crypt:2)
  7 trolls
  3 meliai (D:14)
  5 polar bears
  A queen bee (Gauntlet)
  2 ettin zombies
  A tarantella (Vaults:3)
  4 wind drakes (Lair:5)
  8 hornets
  11 blink frogs
  Prince Ribbit (D:8)
  8 slime creatures
  7 dream sheep (Lair:4)
  A snapping turtle (Lair:5)
  3 water elementals
  A deep troll skeleton (Vaults:4)
  Sigmund (D:4)
  A satyr skeleton (Crypt:2)
  2 shadows (D:9)
  An ettin skeleton (Vaults:4)
  A vampire (D:11)
  11 wraiths
  59 yaks
  4 wyverns
  15 steam dragons
  2 neqoxecs (Depths:4)
  2 basilisks
  Grum (D:10)
  5 redbacks
  4 vampire mosquitoes (D:11)
  3 wargs
  19 nagas
  A wind drake skeleton (Crypt:2)
  2 acid dragons
  A harpy simulacrum (IceCv)
  10 water moccasins
  A glowing shapeshifter skeleton (Crypt:1)
  A hydra simulacrum (Crypt:3)
  A floating eye (Depths:2)
  43 orc warriors
  2 ice beasts
  2 black bears (D:6)
  2 merfolk skeletons
  3 human zombies
  A boggart (Vaults:2)
  2 ettin simulacra
  A manticore zombie (Crypt:1)
  16 ogres
  2 wolves (D:10)
  A dream sheep skeleton (Crypt:2)
  6 centaurs
  An elephant skeleton (Crypt:3)
  Blork the orc (D:6)
  A necrophage (Crypt:2)
  6 bullfrogs
  4 two-headed ogre simulacra
  2 cane toad simulacra (IceCv)
  2 gnoll sergeants (D:11)
  2 scorpions
  A water moccasin skeleton (Crypt:2)
  4 wights (D:6)
  13 killer bees
  A raiju skeleton (Crypt:2)
  6 howler monkeys
  A vampire bat (D:8)
  8 electric eels (D:11)
  4 crimson imps (D:14)
  2 hounds (D:5)
  A jelly (D:4)
  28 orc priests
  8 iguanas
  28 orc wizards
  12 hell rats
  Terence (D:2)
  A troll simulacrum (IceCv)
  4 spriggan simulacra
  2 polar bear simulacra (IceCv)
  A wolf simulacrum (IceCv)
  17 gnolls
  13 adders
  3 naga simulacra
  A swamp drake skeleton (Crypt:3)
  A shadow imp (D:7)
  5 white imps
  7 ufetubi
  3 worms
  3 dart slugs
  117 orcs
  10 ball pythons
  6 endoplasms
  5 giant cockroaches
  6 goblins
  8 hobgoblins
  4 kobolds
  A quokka (D:5)
  11 bats
  8 frilled lizards
  An orc skeleton (Crypt:2)
  A rat (D:2)
  A rat skeleton (Crypt:2)
  2 briar patches (WizLab)
  A bush (WizLab)
1585 creatures vanquished.

Vanquished Creatures (collateral kills)
  A minotaur (Gauntlet)
  An orc warrior (Orc:2)
  An orc priest (Orc:2)
  3 orcs (Orc:2)
6 creatures vanquished.

Vanquished Creatures (others)
  A red draconian (Depths:4)
  A black mamba (Snake:1)
  An orc warrior (Orc:2)
  An orc wizard (D:12)
  An orc (Orc:2)
  A briar patch (WizLab)
  28 fungi
  59 plants
  2 withered plants (Snake:2)
95 creatures vanquished.

Grand Total: 1686 creatures vanquished

Notes
Turn   | Place    | Note
-------+----------+-------------------------------------------
     0 | D:1      | Lobster4 the Hill Orc Fighter began the quest for the Orb.
     0 | D:1      | Reached XP level 1. HP: 19/19 MP: 1/1
   228 | D:1      | Reached skill level 3 in Axes
   228 | D:1      | Reached XP level 2. HP: 22/27 MP: 2/2
   754 | D:2      | Reached XP level 3. HP: 32/33 MP: 3/3
   958 | D:2      | Noticed Terence
  1155 | D:2      | Found a faded altar of an unknown god.
  1296 | D:2      | Killed Terence
  1297 | D:2      | Reached XP level 4. HP: 40/40 MP: 4/4
  1838 | D:3      | Reached skill level 4 in Axes
  1954 | D:3      | Reached XP level 5. HP: 47/47 MP: 5/5
  2116 | D:3      | Found an opulent altar of Gozag.
  2192 | D:3      | Found a snail-covered altar of Cheibriados.
  2296 | D:3      | Identified the ring "Effuc" {rC+ EV+4 Dex+4}
  2723 | D:4      | Noticed Sigmund
  2736 | D:4      | Killed Sigmund
  2737 | D:4      | Reached skill level 5 in Fighting
  2737 | D:4      | Reached skill level 5 in Axes
  2737 | D:4      | Reached XP level 6. HP: 50/56 MP: 6/6
  2808 | D:4      | Reached skill level 5 in Armour
  2808 | D:4      | Reached skill level 5 in Shields
  2878 | D:4      | Reached XP level 7. HP: 61/61 MP: 7/7
  3349 | D:5      | Entered Level 5 of the Dungeon
  3440 | D:5      | Found a basalt altar of Yredelemnul.
  3537 | D:5      | Reached skill level 1 in Evocations
  3613 | D:5      | Reached skill level 1 in Throwing
  3684 | D:5      | Found a sparkling altar of Nemelex Xobeh.
  3862 | D:6      | Noticed Blork the orc
  3874 | D:6      | Killed Blork the orc
  3948 | D:6      | Noticed a +0 dagger
  3948 | D:6      | Noticed a +0 dagger
  3949 | D:6      | Found a hide-covered altar of Uskayaw.
  3977 | D:6      | Became a worshipper of Uskayaw the Reveller
  3988 | D:6      | Reached * piety under Uskayaw
  3989 | D:6      | Reached skill level 6 in Axes
  3997 | D:6      | Reached ** piety under Uskayaw
  4001 | D:6      | Reached XP level 8. HP: 63/70 MP: 8/8
  4004 | D:6      | Reached *** piety under Uskayaw
  4006 | D:6      | Reached **** piety under Uskayaw
  4010 | D:6      | Reached ***** piety under Uskayaw
  4093 | D:6      | Found an ancient bone altar of Kikubaaqudgha.
  4341 | D:6      | Noticed a wraith
  4347 | D:6      | Killed a wraith
  4348 | D:6      | Reached skill level 7 in Axes
  4459 | D:6      | Noticed a two-headed ogre
  4585 | D:6      | Reached XP level 9. HP: 79/79 MP: 9/9
  5208 | D:7      | Identified the +8 chain mail of the Lich-sworn {MP+9 Str-2
                  | Stlth+}
  5329 | D:7      | Reached skill level 8 in Axes
  5411 | D:7      | Found a staircase to the Ecumenical Temple.
  5425 | Temple   | Entered the Ecumenical Temple
  5698 | D:8      | Got the Directory of the Spellbinding Congregation
  5962 | D:8      | Found a hazy altar of Hepliaklqana.
  5963 | D:8      | Found a shimmering altar of Xom.
  5964 | D:8      | Noticed a spectral ugly thing
  5995 | D:8      | Found an ornate altar of the Wu Jian Council.
  6011 | D:8      | Noticed a hornet
  6028 | D:8      | Killed a hornet
  6094 | D:8      | Noticed a two-headed ogre
  6105 | D:8      | Killed a two-headed ogre
  6106 | D:8      | Reached skill level 9 in Axes
  6254 | D:8      | Found a staircase to the Lair.
  6272 | D:8      | Reached XP level 10. HP: 80/90 MP: 10/10
  6620 | D:8      | Noticed Prince Ribbit
  6638 | D:8      | Killed Prince Ribbit
  7524 | D:9      | Reached skill level 10 in Axes
  7587 | D:9      | Noticed a two-headed ogre
  7596 | D:9      | Killed a two-headed ogre
  7637 | D:9      | Reached skill level 10 in Fighting
  7882 | D:9      | Reached XP level 11. HP: 76/100 MP: 11/11
  7884 | D:9      | Reached skill level 11 in Axes
  8166 | D:10     | Entered Level 10 of the Dungeon
  8385 | D:10     | Found a roughly hewn altar of Beogh.
  8394 | D:10     | Reached skill level 1 in Invocations
  8703 | D:10     | Found a stormy altar of Qazlal.
  9017 | D:10     | Found a white marble altar of Elyvilon.
  9017 | D:10     | Found a bloodstained altar of Trog.
  9024 | D:10     | Found a glowing silver altar of Zin.
  9026 | D:10     | Found a radiant altar of Vehumet.
  9029 | D:10     | Found a faded altar of an unknown god.
  9093 | D:10     | Found a burning altar of Makhleb.
  9142 | D:10     | Noticed Grum
  9148 | D:10     | Reached skill level 10 in Shields
  9159 | D:10     | Reached skill level 10 in Armour
  9165 | D:10     | Killed Grum
  9415 | D:11     | Noticed Snorg
  9422 | D:11     | Noticed a two-headed ogre
  9654 | D:11     | Found a frozen archway.
  9701 | IceCv    | Entered an ice cave
 10102 | IceCv    | Reached ****** piety under Uskayaw
 10291 | IceCv    | Reached skill level 12 in Axes
 10299 | IceCv    | HP: 5/102 [ice devil (7)]
 10760 | IceCv    | Reached XP level 12. HP: 89/110 MP: 15/15
 10795 | IceCv    | Reached skill level 5 in Invocations
 10883 | IceCv    | Identified a scroll of acquirement
 10884 | IceCv    | Acquired a +2 pair of gloves of hurling
 10906 | IceCv    | Noticed a reaper
 10930 | IceCv    | Killed a reaper
 11394 | D:11     | Killed Snorg
 11893 | D:11     | Killed a two-headed ogre
 12724 | D:11     | Noticed a two-headed ogre
 12734 | D:11     | Killed a two-headed ogre
 12839 | D:11     | Found a radiant altar of Vehumet.
 13323 | D:12     | Reached skill level 13 in Axes
 13787 | D:12     | Noticed a soul eater
 13944 | D:12     | Noticed a boulder beetle
 13962 | D:12     | Killed a boulder beetle
 14089 | D:12     | Found a staircase to the Orcish Mines.
 14411 | D:12     | Identified the +6 dagger of Sin {freeze, Fragile Int+5}
 14657 | D:13     | Found Zin's Purification Station.
 14659 | D:13     | Found a glowing silver altar of Zin.
 14728 | D:13     | Reached XP level 13. HP: 119/119 MP: 18/18
 14920 | Orc:1    | Entered Level 1 of the Orcish Mines
 15118 | Orc:2    | Entered Level 2 of the Orcish Mines
 15187 | Orc:2    | Found a staircase to the Elven Halls.
 15368 | Orc:2    | Noticed an orc warlord
 15384 | Orc:2    | Killed an orc warlord
 15547 | Orc:2    | Found a roughly hewn altar of Beogh.
 15804 | Orc:2    | Reached skill level 14 in Axes
 15925 | Orc:2    | Found Uminn's Assorted Antiques.
 15967 | Orc:2    | Found a roughly hewn altar of Beogh.
 16137 | Orc:2    | Found Quon's Antique Weapon Emporium.
 16138 | Orc:2    | Found a roughly hewn altar of Beogh.
 16139 | Orc:2    | Found Xaify's Antique Armour Shoppe.
 16176 | Orc:2    | Found a roughly hewn altar of Beogh.
 16177 | Orc:2    | Found Paeg's Weapon Emporium.
 16335 | Orc:2    | Found a roughly hewn altar of Beogh.
 16397 | Orc:2    | Found a roughly hewn altar of Beogh.
 16465 | Orc:2    | Found Xuplaege's Antique Armour Boutique.
 16515 | Orc:2    | Found a roughly hewn altar of Beogh.
 16603 | Orc:2    | Bought a fine scale mail for 243 gold pieces
 16603 | Orc:2    | Identified the +0 scale mail of the Accordion {rElec rPois
                  | rC- Str+9} (You bought it in a shop on level 2 of the
                  | Orcish Mines)
 16603 | Orc:2    | Bought a slimy ring mail for 243 gold pieces
 16603 | Orc:2    | Identified the +0 ring mail "Wimem" {Contam *Slow rPois
                  | Int+8} (You bought it in a shop on level 2 of the Orcish
                  | Mines)
 16668 | Orc:1    | Noticed an orc warlord
 16687 | Orc:2    | Killed an orc warlord
 17043 | Orc:1    | Found Inazych's Gadget Gallery.
 17579 | Lair:1   | Entered Level 1 of the Lair of Beasts
 17589 | Lair:1   | Noticed Gastronok
 17827 | Lair:1   | Killed Gastronok
 18060 | Lair:1   | Noticed Powertoast's ghost (novice MiHu)
 18084 | Lair:1   | Found a transporter.
 18102 | Lair:1   | Found a transporter.
 18103 | Lair:1   | Found a one-way gate to the infinite horrors of the Abyss.
 19006 | Lair:2   | Found a staircase to the Snake Pit.
 19500 | Lair:3   | Reached skill level 10 in Invocations
 19500 | Lair:3   | Reached XP level 14. HP: 125/130 MP: 21/21
 19507 | Lair:3   | Found a staircase to the Swamp.
 20169 | Lair:3   | Reached skill level 15 in Axes
 21289 | Lair:4   | Found a gate leading to a gauntlet.
 21307 | Gauntlet | Entered a Gauntlet
 21307 | Gauntlet | Found a transporter.
 21360 | Gauntlet | Found a transporter.
 21375 | Gauntlet | Found a transporter.
 21380 | Gauntlet | Found a transporter.
 21381 | Gauntlet | Noticed a dire elephant
 21395 | Gauntlet | Found a transporter.
 21414 | Gauntlet | Found a transporter.
 21426 | Gauntlet | Found a transporter.
 21438 | Gauntlet | Found a transporter.
 21438 | Gauntlet | a jorogumo changed into a broodmother
 21438 | Gauntlet | Noticed a broodmother (glowing shapeshifter)
 21443 | Gauntlet | a broodmother changed into a six-headed hydra
 21450 | Gauntlet | Found a transporter.
 21465 | Gauntlet | Found a transporter.
 21479 | Gauntlet | Found a transporter.
 21497 | Gauntlet | Found a transporter.
 21499 | Gauntlet | Found a transporter.
 21524 | Gauntlet | Found a transporter.
 21526 | Gauntlet | Found a transporter.
 21546 | Gauntlet | Found a transporter.
 21624 | Gauntlet | Found a transporter.
 21644 | Gauntlet | Found a transporter.
 21657 | Gauntlet | a redback changed into a broodmother
 21657 | Gauntlet | Noticed a broodmother (glowing shapeshifter)
 21660 | Gauntlet | a broodmother changed into a jorogumo
 21790 | Gauntlet | a radroach changed into a broodmother
 21790 | Gauntlet | Noticed a broodmother (glowing shapeshifter)
 21794 | Gauntlet | a broodmother changed into an ettin
 22027 | Gauntlet | Identified the ring "Geivuin" {rN+ rCorr}
 22033 | Gauntlet | Identified the +2 helmet of Complete Protection {rC- rN+
                  | Str+3 Dex+3}
 22085 | Gauntlet | Noticed a quicksilver ooze
 22302 | Gauntlet | Got the Essays on Elsewhere
 22562 | Lair:4   | Found a staircase to the Slime Pits.
 22978 | Lair:5   | Entered Level 5 of the Lair of Beasts
 22989 | Lair:5   | Reached XP level 15. HP: 128/139 MP: 23/23
 23032 | Lair:5   | Noticed Josephine
 23043 | Lair:5   | Killed Josephine
 23190 | Lair:5   | Reached skill level 15 in Fighting
 23190 | Lair:5   | Identified the +8 quarterstaff "Gisej" {vorpal, +Blink
                  | Will+++ Str-4}
 23214 | Lair:5   | Reached skill level 16 in Axes
 23637 | Lair:5   | Found a large runed translucent door.
 23637 | Lair:5   | Found a large runed translucent door.
 23641 | Lair:5   | Noticed garrulousMonolith's ghost (journeyman DsBe)
 23680 | Lair:5   | Found the ring of the Octopus King
 23686 | Lair:5   | Got the Guidebook on Stolen Souls and Concussion
 23687 | Lair:5   | Identified a ring of the Octopus King {HP+2 AC+2 EV+2 SH+2
                  | SInv}
 23691 | Lair:5   | Identified the +1 cloak of Ynaoziro {Rampage rPois Int-2
                  | Dex-4}
 23976 | Lair:5   | Identified the +0 chain mail "Dees" {rC+ Str+3 Dex+2}
 25488 | D:13     | Found a gate to the Vaults.
 25680 | D:14     | Reached XP level 16. HP: 150/150 MP: 25/25
 26013 | D:14     | Noticed Lodul
 26020 | D:14     | Killed Lodul
 26255 | D:14     | Reached skill level 17 in Axes
 26733 | D:15     | Entered Level 15 of the Dungeon
 27279 | D:15     | Found a staircase to the Depths.
 27703 | Snake:1  | Entered Level 1 of the Snake Pit
 27721 | Snake:1  | Noticed Jorgrun
 27728 | Snake:1  | Killed Jorgrun
 27736 | Snake:1  | Reached XP level 17. HP: 107/158 MP: 27/27
 27742 | Snake:1  | Reached skill level 15 in Armour
 27742 | Snake:1  | Reached skill level 15 in Shields
 27793 | Snake:1  | You fall into a shaft and drop 1 floor!
 27887 | Snake:1  | Noticed Mlioglotl
 27898 | Snake:1  | Killed Mlioglotl
 28664 | Snake:2  | Found Bekheile's Distillery.
 28664 | Snake:2  | Found Qalu Wiusk's Antique Weapon Shoppe.
 28734 | Snake:2  | Reached skill level 18 in Axes
 28932 | Snake:2  | Found a runed translucent door.
 28934 | Snake:2  | Noticed HilariousDeathArtist's ghost (adept DrWn)
 29417 | Snake:3  | Found a shimmering blue altar of Sif Muna.
 29791 | Snake:3  | Reached skill level 15 in Invocations
 30257 | Snake:3  | Found an iron altar of Okawaru.
 30884 | Snake:4  | Entered Level 4 of the Snake Pit
 31128 | Snake:4  | Reached XP level 18. HP: 170/170 MP: 29/29
 31833 | Snake:4  | Reached skill level 19 in Axes
 33232 | Snake:4  | Got a serpentine rune of Zot
 33648 | Vaults:1 | Entered Level 1 of the Vaults
 34011 | Vaults:1 | Reached XP level 19. HP: 160/180 MP: 31/31
 34175 | Vaults:1 | Reached skill level 20 in Axes
 34880 | Vaults:1 | Identified the +2 scale mail of the Evening {*Slow rElec
                  | rPois rN+}
 35871 | Vaults:2 | Found a staircase to the Crypt.
 35877 | Vaults:2 | Reached skill level 21 in Axes
 36647 | Vaults:2 | Paralysed by a great orb of eyes for 5 turns
 36670 | Vaults:2 | Reached XP level 20. HP: 54/193 MP: 32/32
 37378 | Vaults:3 | Paralysed by a great orb of eyes for 4 turns
 37613 | Vaults:3 | Reached skill level 22 in Axes
 37937 | Vaults:3 | Reached skill level 5 in Evocations
 38947 | Vaults:4 | Reached XP level 21. HP: 157/204 MP: 25/33
 39266 | Vaults:4 | Paralysed by a great orb of eyes for 3 turns
 40031 | Depths:1 | Entered Level 1 of the Depths
 40038 | Depths:1 | Found a one-way gateway to a ziggurat.
 40054 | Depths:1 | Found a gateway to Hell.
 40068 | Depths:1 | Reached skill level 23 in Axes
 40088 | Depths:1 | Found a stormy altar of Qazlal.
 40177 | Depths:1 | Found a magical portal.
 40191 | WizLab   | Entered Eringya's Formal Garden
 40435 | WizLab   | Paralysed by a fenstrider witch for 2 turns
 40900 | WizLab   | Found a blossoming altar of Fedhas.
 41386 | Depths:1 | Noticed Asterion
 41396 | Depths:1 | Killed Asterion
 41449 | Depths:1 | Identified the +8 glaive of Theory {pain, rF+ Stlth+}
 42640 | Depths:2 | Found a one-way gate leading to the halls of Pandemonium.
 42767 | Depths:2 | Noticed a golden dragon
 42767 | Depths:2 | Noticed a caustic shrike
 42794 | Depths:2 | Killed a golden dragon
 42795 | Depths:2 | Reached skill level 24 in Axes
 42860 | Depths:2 | Noticed a caustic shrike
 42871 | Depths:2 | Killed a caustic shrike
 42907 | Depths:2 | Killed a caustic shrike
 42908 | Depths:2 | Reached XP level 22. HP: 164/217 MP: 34/34
 42993 | Depths:2 | Paralysed by a floating eye for 3 turns
 43475 | Depths:2 | Noticed Mara
 43492 | Depths:2 | Noticed Lobster4's illusion
 43553 | Depths:2 | Found a shimmering blue altar of Sif Muna.
 43689 | Depths:2 | Noticed Lobster4's illusion
 43691 | Depths:2 | Killed Mara
 44002 | Depths:2 | You fall into a shaft and drop 1 floor!
 45336 | Depths:3 | Found Kuijazyn's Antique Weapon Boutique.
 45581 | Depths:4 | Entered Level 4 of the Depths
 45791 | Depths:4 | Gained mutation: You are agile. (Dex +4, Str/Int -1) [a
                  | neqoxec]
 45804 | Depths:4 | Gained mutation: You have hidden genetic defects. [a
                  | neqoxec]
 45869 | Depths:4 | Noticed a caustic shrike
 45870 | Depths:4 | Noticed a caustic shrike
 45871 | Depths:4 | Noticed a caustic shrike
 45874 | Depths:4 | Noticed a caustic shrike
 45878 | Depths:4 | Killed a caustic shrike
 45878 | Depths:4 | Killed a caustic shrike
 45879 | Depths:4 | Killed a caustic shrike
 45880 | Depths:4 | Reached skill level 25 in Axes
 45883 | Depths:4 | Killed a caustic shrike
 46210 | Depths:4 | Found Modesh's Vocational Training.
 46287 | Depths:4 | Found a glowing golden altar of the Shining One.
 46388 | Depths:4 | Gained mutation: Your body sometimes deteriorates upon
                  | taking damage. [hidden defects]
 46467 | Depths:4 | Reached XP level 23. HP: 227/227 MP: 30/35
 46954 | Depths:4 | Found a gate to the Realm of Zot.
 47497 | Crypt:1  | Entered Level 1 of the Crypt
 47832 | Crypt:1  | Noticed Saint Roka
 47835 | Crypt:1  | Noticed Frederick
 47847 | Crypt:1  | Killed Saint Roka
 47849 | Crypt:1  | Killed Frederick
 47861 | Crypt:1  | Gained mutation: Your magical capacity is low. (-10% MP)
                  | [hidden defects]
 47861 | Crypt:1  | Lost mutation: You have hidden genetic defects. [hidden
                  | defects expressed]
 47903 | Crypt:1  | Lost mutation: You are agile. (Dex +4, Str/Int -1) [potion
                  | of mutation]
 47903 | Crypt:1  | Lost mutation: Your magical capacity is low. (-10% MP)
                  | [potion of mutation]
 47903 | Crypt:1  | Gained mutation: You have a pair of small horns on your
                  | head. [potion of mutation]
 47903 | Crypt:1  | Gained mutation: You possess an exceptional clarity of
                  | mind. [potion of mutation]
 47903 | Crypt:1  | Lost mutation: You have a pair of small horns on your head.
                  | [potion of mutation]
 48084 | Crypt:1  | Noticed Sojobo
 48099 | Crypt:1  | Killed Sojobo
 49166 | Crypt:3  | Entered Level 3 of the Crypt
 49222 | Crypt:3  | Reached skill level 26 in Axes
 49339 | Crypt:3  | HP: 11/233 [ancient champion/+1 great sword of freezing
                  | (12)]
 49340 | Crypt:3  | Succumbed to an ushabti's dark miasma

Illustrated notes

Levels and vault maps discovered:
D:1:      tarquinn_simple_flora_water_f, layout_loops_ring
D:2:      layout_loops_ring, shapermc_ecumenical_altar_pompeii, uniq_terence
D:3:      layout_loops_corners, mainiacjoe_overflow_alcove_4,
          mainiacjoe_overflow_cross_hatched, minmay_hedge_maze
D:4:      layout_loops_cross, uniq_sigmund
D:5:      layout_rooms, mainiacjoe_overflow_catwalk, nemelex_altar_shiori
D:6:      black_bear_nest_2, layout_basic, dancing_weapons_uskayaw,
          mainiacjoe_overflow_tiny_flanked, kb_rosetta, uniq_blork_the_orc
D:7:      layout_gridville, minmay_temple_entry_mini_moons
D:8:      layout_layer_cave, regret_index_temple_of_mockery,
          nicolae_wu_jian_wuxing_cycle, minivault_14, roderic_batcave,
          kennysheep_generic_room_13, uniq_prince_ribbit1
D:9:      layout_rooms
D:10:     layout_loops_ring, mainiacjoe_overflow_chevrons,
          lightli_temple_of_fire, chequers_temple_overflow_minitemple,
          special_room [special_room_orc], uniq_grum
D:11:     layout_basic, portal_ice_cave_entry_ice_simulacra,
          nicolae_vehumet_radiance, uniq_snorg
D:12:     layout_basic, erik_orc_2
D:13:     layout_irregular_city, david_vaults_1, zin_purify
D:14:     layout_small_grid, st_stairs_4, minmay_fire_ice_demons, uniq_lodul
D:15:     grunt_enter_depths_snipers, layout_basic, bh_walls_and_bars
Temple:   nicolae_temple_ecumenical_triangle
Lair:1:   wander_river, layout_hall_layers, gammafunk_ghost_abyssal_escape,
          serial_bayou_shore_a, uniq_gastronok
Lair:2:   layout_gridlike, dummy_snake_entry
Lair:3:   beast_lair_carwin_large_3, layout_layer_cave,
          skrybe_swamp_entry_bodies, bobbens_dragon_lair_wall,
          serial_bayou_shore_b
Lair:4:   layout_long_grid, dpeg_slime_entry_enclosed, gauntlet_entry_generic,
          cheibrodos_lair_caveside_slide, grunt_megastairs_4
Lair:5:   gammafunk_lair_ancient_temple, layout_regular_city,
          ebering_ghost_disaster_area, minivault_25, lemuel_fruit_fields,
          uniq_josephine
Snake:1:  layout_rooms, grunt_ministairs_8, st_stairs_4, serial_bayou_crossing,
          uniq_jorgrun, uniq_mlioglotl
Snake:2:  layout_misc_corridors, gammafunk_ghost_grave, minmay_shoptagon,
          grunt_megastairs_5
Snake:3:  layout_chambers, basic_altar, lemuel_oklob_altar
Snake:4:  snake_pit_salamanders_mu, layout_chambers, nicolae_snake_storage_room
Orc:1:    layout_diamond_mine, nicolae_shop_gadgets
Orc:2:    grunt_orc_community_town_hall, layout_caves,
          grunt_orc_community_big_house_2, grunt_orc_community_big_house_1,
          grunt_orc_community_house_2, grunt_orc_community_house_3,
          grunt_orc_community_house_1, grunt_orc_community_house_2,
          grunt_orc_community_house_3, grunt_orc_community_house_1,
          serial_shops, nicolae_shop_hallway_plus
Vaults:1: ontoclasm_vaults_bender, vaults_dpeg_emergency_exit, v_misc_9,
          ontoclasm_vaults_eye, hangedman_vaults_capsules, v_misc_5,
          vaults_mumra_minichess_inversion, ontoclasm_vaults_ring_small,
          v_pattern_2, vaults_dpeg_hooks, nicolae_vaults_gold_heap,
          vaults_dpeg_ring, vaults_room_pools, layout_vaults_ring
Vaults:2: nicolae_vaults_big_ls, nicolae_vaults_little_ls, vaults_mumra_hex,
          nicolae_vaults_what_the_h, minmay_crypt_entry_simple_statues,
          nicolae_vaults_border_crossing, v_misc_16,
          nicolae_vaults_little_squares_3, nicolae_vaults_little_squares_4,
          nicolae_vaults_little_squares_3, vaults_room_pools,
          layout_vaults_quadrants
Vaults:3: hangedman_vaults_stitches, v_rooms_3, hangedman_vaults_unwind,
          grunt_vaults_swirl, nicolae_vaults_ninety_degrees, v_misc_18,
          vaults_room_fancy_cross, vaults_dpeg_cross, vaults_room_grid,
          vaults_room_stairs_pillars, layout_vaults_maze_snakey
Vaults:4: v_misc_9, grunt_vaults_focal, vaults_mumra_hexcomb,
          vaults_standard_mumra_enter_the_diamond,
          nicolae_vaults_ring_of_whatevers, v_misc_10,
          hangedman_vaults_stretched_pinwheel, vaults_room_hallway,
          nicolae_vaults_little_squares_6, v_alt_pattern_3,
          nicolae_vaults_asterisk, layout_vaults_big_room
Crypt:1:  layout_rooms, nicolae_crypt_crumbling_hall, uniq_frederick,
          uniq_josephina, uniq_sojobo, uniq_saint_roka
Crypt:2:  layout_misc_corridors
Crypt:3:  lightli_unholy_cathedral, layout_chaotic_city,
          tomb_entry_sphere_bobbens
Depths:1: layout_gridlike, enter_ziggurat_e, infiniplex_enter_wizlab_glasses,
          pf_vacation_house_of_asmodeus, chequers_serial_rivers_micro_a,
          minmay_strange_pillars, kennysheep_another_room, drop_trap,
          eino_tiny_chamber, nicolae_qazlal_scattered_showers,
          grunt_megastairs_3, infiniplex_staircase_pool_lava, uniq_asterion
Depths:2: minmay_crescents, layout_gridlike, nicolae_sif_muna_condensation,
          rand_demon_pan_entry_5, hell_entry, minmay_misc_feat_tiny,
          minmay_staircase_bubble, uniq_mara
Depths:3: minmay_bubble_buster, layout_basic, serial_shops, shop,
          kennysheep_crisscross, hell_entry, hangedman_abyss_entry_splay
Depths:4: grunt_zot_entry_gee_three, layout_basic, tso_metal_star,
          rand_demon_pan_entry_1, hell_entry, abyss_entry_small_statue_room,
          hellmonk_bongcloud_opening, nicolae_shop_vocational

Skill      XL: |  1  2  3  4  5  6  7  8  9 10 11 12 13 14 15 16 17 18 19 20 21 22 23 |
---------------+----------------------------------------------------------------------+-----
Axes           | 3 4 5 6 7 9 10 12 13 14 15 16 17 18 19 21 22 24 25 26 | 26.0
Fighting       | 4 5 6 7 8 10 11 12 13 14 15 16 17 18 20 21 22 23 24 | 24.3
Shields        | 4 5 6 8 9 10 11 12 13 14 15 17 18 19 | 19.4
Armour         | 4 5 6 8 9 10 11 12 13 14 15 17 18 19 20 21 22 | 22.5
Evocations     | 2 3 6 |  6.0
Throwing       | 1 3 |  3.0
Invocations    | 4 7 10 11 12 13 15 16 | 16.0

Action                   |  1- 3 |  4- 6 |  7- 9 | 10-12 | 13-15 | 16-18 | 19-21 | 22-24 || total
-------------------------+-------+-------+-------+-------+-------+-------+-------+-------++-------
Melee: War axe           |    91 |    41 |       |       |       |       |   551 |       ||   683
       Hand axe          |       |    78 |   320 |   339 |       |       |       |       ||   737
       Broad axe         |       |       |       |   341 |   840 |   992 |   549 |   870 ||  3592
       Flail             |       |       |       |    18 |    16 |       |       |       ||    34
Throw: Dart              |       |     5 |     7 |    33 |    11 |     5 |       |       ||    61
       Boomerang         |       |       |     5 |    18 |       |       |       |       ||    23
       Throwing net      |       |       |     1 |       |     2 |       |       |       ||     3
       Javelin           |       |       |       |       |       |     5 |     1 |     3 ||     9
Invok: Line Pass         |       |       |       |     1 |     1 |       |       |     1 ||     3
       Stomp             |       |       |       |     1 |       |     3 |     2 |       ||     6
       Grand Finale      |       |       |       |       |       |     1 |       |     1 ||     2
Evoke: Wand              |       |       |       |    13 |    15 |       |     6 |     2 ||    36
       Lightning rod     |       |       |       |       |     5 |       |     4 |       ||     9
       Condenser vane    |       |       |       |       |     1 |       |     1 |       ||     2
       Tin of tremorston |       |       |       |       |       |       |     4 |     2 ||     6
       Phantom mirror    |       |       |       |       |       |       |     1 |       ||     1
  Use: Potion            |     1 |     1 |     1 |     8 |     2 |     3 |     3 |    10 ||    29
       Scroll            |       |       |    11 |    16 |     9 |     4 |     9 |     6 ||    55
 Stab: Paralysed         |       |       |     6 |    50 |   100 |   168 |   243 |   123 ||   690
       Distracted        |       |       |       |     1 |       |       |       |       ||     1
Armor: Scale mail        |    11 |    54 |    78 |    79 |     6 |       |       |       ||   228
       Chain mail        |    33 |       |    31 |   133 |       |       |       |       ||   197
       Skin              |       |       |       |    14 |       |       |       |       ||    14
       Crystal plate arm |       |       |       |   132 |   381 |   517 |   378 |   300 ||  1708
Dodge: Dodged            |    25 |    66 |   181 |   367 |   323 |   308 |   248 |   156 ||  1674
Block: Buckler           |    22 |    20 |    73 |   197 |   360 |   364 |       |       ||  1036
       Kite shield       |       |       |       |       |       |   168 |   204 |     2 ||   374
       Tower shield      |       |       |       |       |       |       |   617 |   680 ||  1297
       Reflection        |       |       |       |       |       |       |    83 |     4 ||    87

Table legend: (Time is in decaauts)
 A = Elapsed time spent in this place.
 B = Non-inter-level travel time spent in this place.
 C = Inter-level travel time spent in this place.
 D = Time resting spent in this place.
 E = Time spent auto-exploring this place.
 F = Levels seen in this place.
 G = Mean time per level.
                   A        B        C        D        E       F      G
               +--------+--------+--------+--------+--------+-----+--------+
         Total |  48855 |  45317 |   3538 |   5886 |  28438 |  41 | 1191.6 |
       Dungeon |  17404 |  15689 |   1715 |   1642 |  10789 |  15 | 1160.3 |
        Temple |     50 |     44 |      6 |      0 |     39 |   1 |   50.0 |
          Lair |   5779 |   5352 |    427 |    116 |   4271 |   5 | 1155.8 |
     Snake Pit |   5526 |   5195 |    331 |    474 |   3545 |   4 | 1381.5 |
  Orcish Mines |   2561 |   2286 |    275 |    379 |   1312 |   2 | 1280.5 |
        Vaults |   6372 |   5975 |    397 |    751 |   3871 |   4 | 1593.0 |
         Crypt |   1715 |   1684 |     31 |    145 |    926 |   3 |  571.7 |
        Depths |   5909 |   5556 |    353 |    744 |   3070 |   4 | 1477.2 |
      Ice Cave |   1654 |   1654 |      0 |   1114 |     89 |   1 | 1654.0 |
        Wizlab |    878 |    878 |      0 |    198 |    186 |   1 |  878.0 |
      Gauntlet |   1002 |   1002 |      0 |    322 |    338 |   1 | 1002.0 |
               +--------+--------+--------+--------+--------+-----+--------+

Top non-repeatable levels by time:
    D:11: 2390 daAuts
 Snake:4: 2351 daAuts
     D:8: 2144 daAuts
Vaults:2: 1990 daAuts
Depths:2: 1941 daAuts
   Orc:2: 1801 daAuts
    D:12: 1710 daAuts
  Lair:3: 1703 daAuts
   IceCv: 1654 daAuts
Depths:4: 1551 daAuts
Vaults:1: 1533 daAuts
 Snake:3: 1498 daAuts
Vaults:3: 1437 daAuts
Vaults:4: 1411 daAuts
    D:13: 1386 daAuts
